 Dungeon Crawl Stone Soup version 0.29.1-15-g9cfb28693d (webtiles) character file.

Game seed: 17867139847244398848

69 tizbic2 the Grasshopper (level 4, -1/37 HPs)
             Began as a Ghoul Warper on Feb 21, 2023.
             Was a Follower of Cheibriados.
             Slain by a goblin
             ... wielding a +0 club
              (2 damage)
             ... on level 3 of the Dungeon.
             The game lasted 00:09:27 (1908 turns).

tizbic2 the Grasshopper (Ghoul Warper)              Turns: 1908, Time: 00:09:29

Health: -1/37      AC:  2    Str: 18    XL:     4   Next: 20%
Magic:  6/6        EV: 11    Int: 10    God:    Cheibriados [*.....]
Gold:   80         SH:  0    Dex: 10    Spells: 5/7 levels left

rFire   . . .      SeeInvis .   a - +1 mace
rCold   + . .      Faith    .   (no shield)
rNeg    + + +      Spirit   .   g - +0 ring mail
rPois   ∞          Reflect  .   (no helmet)
rElec   .          Harm     .   m - +0 cloak
rCorr   .          Rampage  .   (no gloves)
Will    .....                   (no boots)
Stlth   ..........              k - amulet of regeneration
HPRegen 0.00/turn               (no ring)
MPRegen 0.10/turn               (no ring)

@: corroded, inhibited regen, very slow
A: claws 1, cold resistance 1, negative energy resistance 3, inhibited
regeneration, torment resistance 2, devour on kill
a: Renounce Religion, Bend Time


You were on level 3 of the Dungeon.
You worshipped Cheibriados.
Cheibriados was aware of your devotion.
You visited 1 branch of the dungeon, and saw 3 of its levels.

You collected 80 gold pieces.

Inventory:

Hand Weapons
 a - a +1 mace (weapon)
 b - a +2 dagger of draining
Missiles
 d - 6 boomerangs of dispersal
 i - 30 stones (quivered)
 q - 4 poisoned darts
Armour
 g - a +0 ring mail (worn)
 m - a +0 cloak (worn)
Jewellery
 k - an amulet of regeneration (around neck)
Scrolls
 c - a scroll of blinking
 f - a scroll of identify
 h - 2 scrolls of poison {unknown}
 l - a scroll of acquirement {unknown}
 p - a scroll of immolation {unknown}
Potions
 e - 2 potions of might
 n - a potion of heal wounds


   Skills:
 + Level 2.5 Fighting
 * Level 2.6 Maces & Flails
 - Level 0.8 Throwing
 + Level 1.4 Armour
 + Level 2.1 Dodging
 + Level 2.0 Spellcasting
 + Level 3.1 Translocations
 * Level 0.0 Invocations


You had 5 spell levels left.
You knew the following spells:

 Your Spells              Type           Power      Damage    Failure   Level
a - Blink                 Tloc           14%        N/A       22%         2

Your spell library contained the following spells:

 Spells                   Type           Power      Damage    Failure   Level
 Gell's Gravitas          Tloc           7%         N/A       41%         3
 Lesser Beckoning         Tloc           7%         N/A       41%         3
 Teleport Other           Tloc           7%         N/A       41%         3
 Manifold Assault         Tloc           7%         N/A       99%         5


Dungeon Overview and Level Annotations

Branches:
Dungeon (3/15)

Altars:
Cheibriados
Uskayaw


Innate Abilities, Weirdness & Mutations

You are immune to poison.
You have sharp fingernails.
Your flesh is cold resistant. (rC+)
You are immune to negative energy. (rN+++)
You do not regenerate when monsters are visible.
You are immune to unholy pain and torment.
You thrive by killing the living.


Message History

You kill the bat!
Cheibriados thoroughly appreciates the change of pace.
Found a long sword.
You see here a +0 long sword.
Found 9 gold pieces.
Found a hide-covered altar of Uskayaw.
Found a stone staircase leading up.
Found a copper ring.
A frilled lizard comes into view.
The frilled lizard hisses angrily.
The frilled lizard hisses.
A jelly and a hobgoblin come into view.
The jelly quivers.
The hobgoblin shouts!
You hear a shout!
A goblin comes into view. It is wielding a +0 club.
The jelly hits you but does no damage.
You see here a ring of magical power.
You hit the jelly.
Your claws burn!
The jelly is lightly wounded.
The hobgoblin closely misses you. The jelly closely misses you.
You barely miss the jelly.
The jelly is lightly wounded.
The hobgoblin closely misses you. The jelly hits you but does no damage.
The goblin hits you but does no damage.
The frilled lizard closely misses you. x2
The hobgoblin hits you. The goblin hits you with a +0 club.
The jelly closely misses you.
You hit the jelly.
Your claws burn!
The jelly is lightly wounded.
The hobgoblin barely misses you. The jelly hits you. The acid corrodes you!
You are splashed with acid!
The goblin hits you with a +0 club.
* * * LOW HITPOINT WARNING * * *
The frilled lizard bites you.
* * * LOW HITPOINT WARNING * * *
You fail to use your ability.
The hobgoblin hits you.
* * * LOW HITPOINT WARNING * * *
The jelly hits you.
* * * LOW HITPOINT WARNING * * *
You are splashed with acid.
* * * LOW HITPOINT WARNING * * *
The goblin hits you with a +0 club.
You die...

##.# .. #...###.#
###.......###
..............###
.................
.................
........gJg......
## ....##
#@....... ... .
......##l#...###
..#### ##+
#...........
.....
#...#....#######
.... ##._.##...#
#... #.....#.#.#
####..#
#.###.#...#
#.....#
###.###..##
##.###..
##..(##.#######
#..# ###


You could see a jelly, a hobgoblin, a goblin and a frilled lizard.

Vanquished Creatures
  3 adders (D:2)
  3 ball pythons
  3 bats
  6 endoplasms
  2 giant cockroaches (D:2)
  4 goblins
  A hobgoblin (D:1)
  3 jackals
  7 kobolds
  A quokka (D:2)
  2 frilled lizards (D:2)
  2 rats (D:2)
37 creatures vanquished.

Vanquished Creatures (others)
  4 plants (D:2)
4 creatures vanquished.

Grand Total: 41 creatures vanquished

Notes
Turn   | Place    | Note
-------+----------+-------------------------------------------
     0 | D:1      | tizbic2 the Ghoul Warper began the quest for the Orb.
     0 | D:1      | Reached XP level 1. HP: 17/17 MP: 2/2
    85 | D:1      | Reached skill level 1 in Armour
   356 | D:1      | Reached XP level 2. HP: 22/24 MP: 3/3
   954 | D:2      | Reached XP level 3. HP: 25/30 MP: 4/4
  1031 | D:2      | Reached skill level 3 in Translocations
  1096 | D:2      | Learned a level 2 spell: Blink
  1354 | D:2      | Reached XP level 4. HP: 37/37 MP: 6/6
  1750 | D:2      | Found a faded altar of an unknown god.
  1764 | D:2      | Prayed at the altar of an unknown god.
  1764 | D:2      | Became a worshipper of Cheibriados the Contemplative
  1764 | D:2      | Reached * piety under Cheibriados
  1890 | D:3      | Noticed a +0 falchion
  1890 | D:3      | Noticed a +0 falchion
  1890 | D:3      | Noticed a +0 short sword
  1891 | D:3      | Noticed a +0 short sword
  1891 | D:3      | Noticed a +0 dagger
  1891 | D:3      | Noticed a +0 spear
  1891 | D:3      | Noticed a +0 spear
  1892 | D:3      | Noticed a +0 dagger
  1894 | D:3      | Found a hide-covered altar of Uskayaw.
  1908 | D:3      | HP: 1/37 [acid (5)]
  1908 | D:3      | Slain by a goblin

Illustrated notes

Levels and vault maps discovered:
D:1:      mushboom_english_gardens, layout_basic
D:2:      wad_crossroads, layout_rooms, dilly_ecumenical_altar_fadedgnrine,
          serial_bayou_ford_a, st_stairs_10
D:3:      layout_rooms, nicolae_uskayaw_en_pointe, lemuel_doored_altar,
          nicolae_wu_jian_wuxing_cycle, minitemple

Skill      XL: |  1  2  3 |
---------------+----------+-----
Armour         | 1 |  1.4
Maces & Flails | 2 |  2.6
Dodging        | 2 |  2.1
Spellcasting   | 2 |  2.0
Translocations | 3 |  3.1
Fighting       | |  2.5
Throwing       | |  0.8

Action                   |  1- 3 |  4- 6 || total
-------------------------+-------+-------++-------
Melee: Mace              |    97 |    28 ||   125
       Punch             |     2 |     1 ||     3
Throw: Stone             |     2 |       ||     2
       Boomerang         |     1 |       ||     1
  Use: Scroll            |     3 |     3 ||     6
       Potion            |     1 |       ||     1
Armor: Leather armour    |     6 |       ||     6
       Ring mail         |    48 |    12 ||    60
Dodge: Dodged            |    58 |    21 ||    79
